 Dungeon Crawl Stone Soup version 0.31-a0-177-g4aa6249778 (webtiles) character file.

Game seed: 2897723745297835392

79 Ijustatesigmund the Stinger (level 4, -4/43 HPs)
             Began as an Octopode Venom Mage on June 19, 2023.
             Slain by Terence
             ... wielding a +0 flail
              (7 damage)
             ... on level 3 of the Dungeon.
             The game lasted 00:03:48 (2189 turns).

Ijustatesigmund the Stinger (Octopode Venom Mage)   Turns: 2189, Time: 00:03:49

Health: -4/43      AC: 22    Str:  3 (5)  XL:     4   Next: 37%
Magic:  2/8        EV:  2    Int: 16 (19) God:
Gold:   105        SH:  0    Dex: 11 (12) Spells: 2/8 levels left

rFire   . . .        c - +1 quarterstaff (holy)
rCold   . . .        (shield currently unavailable)
rNeg    . . .        m - melded +0 hat
rPois   +            (no amulet)
rElec   .            (no ring)
rCorr   .            (no ring)
SInv    +            (no ring)
Will    .....        (no ring)
Stlth   ++           (no ring)
HPRegen 0.27/turn    (no ring)
MPRegen 0.11/turn    (no ring)
                     (no ring)

%: no passive effects
@: tree-form, attractive
A: stationary, stasis, torment immunity, boosted hp, almost no armour,
(amphibious), 8 rings, (camouflage 1), (gelatinous body 1), (nimble swimmer 1),
(tentacles), see invisible, weak 1
a: no special abilities


You were on level 3 of the Dungeon.
You were a tree.
You visited 1 branch of the dungeon, and saw 3 of its levels.

You collected 105 gold pieces.

Inventory:

Hand Weapons
 c - a +1 quarterstaff of holy wrath (weapon)
Armour
 m - a +0 hat (melded)
Scrolls
 d - 2 scrolls of fog {unknown}
 e - a scroll of enchant armour {unknown}
 h - a scroll of torment {unknown}
 i - a scroll of teleportation {unknown}
 j - a scroll of identify {unknown}
Potions
 a - a potion of magic
 b - a potion of degeneration


   Skills:
 - Level 2.0 Fighting
 + Level 0.2 Staves
 - Level 2.0 Dodging
 - Level 2.6 Stealth
 + Level 2.8 Spellcasting
 + Level 0.1 Conjurations
 - Level 1.0 Transmutations
 + Level 0.2 Air Magic
 + Level 4.5 Poison Magic


You had 2 spell levels left.
You knew the following spells:

 Your Spells              Type           Power      Damage    Failure   Level
a - Sting                 Tmut/Pois      44%        1d5       6%          1
b - Poisonous Vapours     Pois/Air       18%        N/A       11%         2
c - Mephitic Cloud        Conj/Pois/Air  7%         N/A       28%         3

Your spell library contained the following spells:

 Spells                   Type           Power      Damage    Failure   Level
 Olgreb's Toxic Radiance  Pois           16%        N/A       28%         4
 Vhi's Electric Charge    Tloc/Air       4%         N/A       50%         3
 Arcjolt                  Conj/Air       1%         1d11      99%         5
 Plasma Beam              Fire/Air       1%         2x1d11    100%        6


Dungeon Overview and Level Annotations

Branches:
Dungeon (3/15)

Altars:

Annotations:
D:3 Terence


Innate Abilities, Weirdness & Mutations

You are a tree.
Your roots penetrate the ground, keeping you stationary.
You cannot be teleported.
You are immune to unholy pain and torment.
Your maximum health is greatly increased.
You cannot wear most types of armour.
((You are amphibious.))
You can wear up to eight rings at the same time.
((Your skin changes colour to match your surroundings (Stealth+).))
((Your rubbery body absorbs attacks. (AC +1, EV +1)))
((You are camouflaged when in or above water. (Stealth+)))
((You have tentacles for arms and can constrict up to eight enemies at once.))
You have supernaturally acute eyesight. (SInv)
You are weak. (Str -2)


Message History

Terence is severely wounded.
Terence drinks a potion.
Terence is healed!
Terence hits you but does no damage.
Your magical contamination has completely faded away.
You hit Terence but do no damage. Terence hits you with a +0 flail!
* * * LOW HITPOINT WARNING * * *
You hit Terence.
Terence is lightly wounded.
Terence hits you but does no damage.
You hit Terence.
Terence is moderately wounded.
Terence hits you with a +0 flail.
* * * LOW HITPOINT WARNING * * *
Terence hits you but does no damage.
You hit Terence but do no damage.
Terence is moderately wounded.
Terence hits you but does no damage.
You hit Terence but do no damage.
Terence is moderately wounded.
Terence hits you but does no damage.
Autopickup is now off.
Autopickup is now on.
You barely miss Terence.
Terence is moderately wounded.
Terence hits you but does no damage.
You thump Terence!
Terence is severely wounded.
Terence hits you but does no damage.
Terence says, "Don't bother to defend, it's pointless."
Terence hits you but does no damage.
You hit Terence.
Terence is severely wounded.
Terence hits you but does no damage.
You closely miss Terence.
Terence is severely wounded.
Terence hits you but does no damage.
You barely miss Terence.
Terence is severely wounded.
Terence hits you but does no damage. Terence hits you with a +0 flail!
You die...

# #''##### #.# #♣♣♣..♣♣♣
#.# #♣......♣ #.#
#♣.♣..♣.♣####.#
'...)....'.##.#
'......).'....###
#♣.♣..♣.♣###....# ###
#♣......♣###....###.....
#♣♣♣..♣♣♣#......♣@......
####''####.......)......
##......####....###.....
#......# #....# ....
#####'## #....# ... #
#.# #....# .. # #.#
###### . ######'#####
...........#


You could see Terence.

Vanquished Creatures
  2 adders
  A worm (D:2)
  A dart slug (D:2)
  8 orcs (D:3)
  4 ball pythons
  4 bats
  2 endoplasms (D:1)
  A giant cockroach (D:1)
  5 hobgoblins
  2 quokkas (D:1)
  2 frilled lizards
  3 goblins
  2 kobolds (D:1)
  7 rats
44 creatures vanquished.

Notes
Turn   | Place    | Note
-------+----------+-------------------------------------------
     0 | D:1      | Ijustatesigmund the Octopode Venom Mage began the quest for
                  | the Orb.
     0 | D:1      | Reached XP level 1. HP: 11/11 MP: 3/3
   227 | D:1      | Reached XP level 2. HP: 16/18 MP: 5/5
   230 | D:1      | Learned a level 2 spell: Poisonous Vapours
   387 | D:1      | Reached skill level 1 in Fighting
   482 | D:1      | Reached skill level 4 in Poison Magic
   955 | D:1      | Reached XP level 3. HP: 23/23 MP: 3/6
  1300 | D:2      | Found a faded altar of an unknown god.
  1792 | D:3      | Reached XP level 4. HP: 26/29 MP: 4/8
  1867 | D:3      | Learned a level 3 spell: Mephitic Cloud
  2160 | D:3      | Noticed Terence
  2177 | D:3      | Gained mutation: You have supernaturally acute eyesight.
                  | (SInv) [potion of mutation]
  2177 | D:3      | Gained mutation: You are weak. (Str -2) [potion of
                  | mutation]
  2182 | D:3      | HP: 1/43 [Terence/+0 flail (4)]
  2189 | D:3      | Slain by Terence

Illustrated notes

Levels and vault maps discovered:
D:1:      co_arrival_random_square_maze, layout_basic
D:2:      layout_rooms, nicolae_ecumenical_pavilion
D:3:      layout_basic, kennysheep_generic_room_5, uniq_terence

Skill      XL: |  1  2  3 |
---------------+----------+-----
Fighting       | 1 2 |  2.0
Poison Magic   | 4 |  4.5
Staves         | |  0.2
Dodging        | |  2.0
Stealth        | |  2.6
Spellcasting   | |  2.8
Conjurations   | |  0.1
Transmutations | |  1.0
Air Magic      | |  0.2

Action                     |  1- 3 |  4- 6 || total
---------------------------+-------+-------++-------
  Melee: Unarmed           |     8 |       ||     8
         Quarterstaff      |    39 |    35 ||    74
         Constrict         |    14 |     7 ||    21
         Tentacles         |    11 |     4 ||    15
   Cast: Sting             |     6 |     1 ||     7
         Poisonous Vapours |    25 |     8 ||    33
    Use: Potion            |       |     6 ||     6
   Stab: Sleeping          |     1 |       ||     1
 Armour: Skin              |     3 |    12 ||    15
  Dodge: Dodged            |    29 |    17 ||    46

Table legend: (Time is in decaauts)
 A = Elapsed time spent in this place.
 B = Non-inter-level travel time spent in this place.
 C = Inter-level travel time spent in this place.
 D = Time resting spent in this place.
 E = Time spent auto-exploring this place.
 F = Levels seen in this place.
 G = Mean time per level.
                   A        B        C        D        E       F      G
               +--------+--------+--------+--------+--------+-----+--------+
         Total |   2209 |   2180 |     29 |     79 |   1775 |   3 |  736.3 |
       Dungeon |   2209 |   2180 |     29 |     79 |   1775 |   3 |  736.3 |
               +--------+--------+--------+--------+--------+-----+--------+

Top non-repeatable levels by time:
     D:1: 1054 daAuts
     D:2: 732 daAuts
     D:3: 422 daAuts
